 Dungeon Crawl Stone Soup version 0.31-a0-150-g89dc3ad700 (webtiles) character file.

Game seed: 11357100991227067230

48 qw the Shooter (level 3, 0/31 HPs)
             Began as a Minotaur Hunter on June 8, 2023.
             Slain by Robin
             ... wielding a +0 club
              (3 damage)
             ... on level 2 of the Dungeon.
             The game lasted 00:00:25 (1077 turns).

qw the Shooter (Minotaur Hunter)                    Turns: 1077, Time: 00:00:25

Health: 0/31       AC:  4    Str: 15    XL:     3   Next: 50%
Magic:  2/2        EV: 12    Int:  6    God:
Gold:   31         SH:  0    Dex: 15    Spells: 2/2 levels left

rFire   . . .        Y - +0 shortbow
rCold   . . .        (shield currently unavailable)
rNeg    . . .        c - +0 leather armour
rPois   .            (helmet restricted)
rElec   .            j - +0 cloak
rCorr   .            (no gloves)
SInv    .            (no boots)
Will    .....        (no amulet)
Stlth   +            (no ring)
HPRegen 0.25/turn    (no ring)
MPRegen 0.08/turn

%: no passive effects
@: no status effects
A: horns 2, retaliatory headbutt
a: no special abilities


You were on level 2 of the Dungeon.
You visited 1 branch of the dungeon, and saw 2 of its levels.

You collected 31 gold pieces.


Innate Abilities, Weirdness & Mutations

You have a pair of horns on your head.
You reflexively headbutt those who attack you in melee.


   Skills:
 - Level 3.0 Fighting
 + Level 5.6 Ranged Weapons
 - Level 2.1 Dodging
 - Level 0.7 Stealth


You had 2 spell levels left.
You didn't know any spells.
Your spell library was empty.

Inventory:

Hand Weapons
 Y - a +0 shortbow (weapon)
Armour
 c - a +0 leather armour (worn)
 j - a +0 cloak (worn)
Scrolls
 a - a scroll of teleportation
 b - a scroll of identify
Potions
 g - a potion of ambrosia {unknown}

Dungeon Overview and Level Annotations

Branches:
Dungeon (2/15)

Altars:

Annotations:
D:2 Robin


Message History

The goblin completely misses you. The hobgoblin barely misses you.
Something throws the goblin at you!
You shoot an arrow. The arrow barely misses the hobgoblin.
The goblin barely misses you. You furiously retaliate!
You headbutt the goblin. The hobgoblin closely misses you.
You furiously retaliate!
You headbutt the hobgoblin, but do no damage.
The goblin hits you with a +0 dagger. The goblin misses you.
You shoot an arrow. The arrow hits the hobgoblin.
You kill the hobgoblin!
The goblin no longer looks unusually strong.
The goblin hits you but does no damage. The goblin barely misses you.
You furiously retaliate!
You headbutt the goblin!
You kill the goblin!
You shoot an arrow. The arrow hits the goblin!
You kill the goblin!
You shoot an arrow. You shoot an arrow. You shoot an arrow. You shoot an arrow.
You shoot an arrow. Something hits you but does no damage.
You shoot an arrow. Something hits you.
You shoot an arrow. Something hits you but does no damage. Something hits you.
You shoot an arrow. Something hits you but does no damage.
You shoot an arrow. Something hits you.
You shoot an arrow. Something hits you.
You shoot an arrow. Something hits you but does no damage.
You shoot an arrow. Something hits you but does no damage.
You shoot an arrow.
Something hits you but does no damage. x2
You shoot an arrow. Something hits you.
You die...

#..#..............#..
#....................
##...##..............#
....#####..##..####..#
......##.>###..# ..#
..###....####..# .#
#....##..#.....##
####........#...###.###
..........)@)>...#
......#...#{..#...
.....#.....#..# ....
#####.# ..# .... .# ..#
... .# .# .. . ..


There were no monsters in sight!

Vanquished Creatures
  4 endoplasms (D:1)
  2 giant cockroaches (D:1)
  13 goblins
  4 hobgoblins
  2 jackals (D:1)
  2 quokkas (D:1)
  7 ball pythons
  4 bats
  A kobold (D:1)
  A rat (D:1)
40 creatures vanquished.

Notes
Turn   | Place    | Note
-------+----------+-------------------------------------------
     0 | D:1      | qw the Minotaur Hunter began the quest for the Orb.
     0 | D:1      | Reached XP level 1. HP: 18/18 MP: 0/0
     0 | D:1      | 0 ||| qw: Version: 0.2-a-119-g7aa9181
     0 | D:1      | 0 ||| qw: Game counter: 2879
     0 | D:1      | 0 ||| qw: Always use a shield: true
     0 | D:1      | 0 ||| qw: God list: Okawaru
     0 | D:1      | 0 ||| qw: Allow faded altars: false
     0 | D:1      | 0 ||| qw: Do Orc after D:15 true
     0 | D:1      | 0 ||| qw: Do second Lair branch before Depths: true
     0 | D:1      | 0 ||| qw: Lair rune preference: random
     0 | D:1      | 0 ||| qw: Plans: Normal
     0 | D:1      | 0 ||| PLANNING D:1-11
   188 | D:1      | Reached XP level 2. HP: 25/25 MP: 1/1
   191 | D:1      | Reached skill level 5 in Ranged Weapons
   366 | D:1      | Reached skill level 3 in Fighting
   682 | D:1      | Reached XP level 3. HP: 31/31 MP: 2/2
   955 | D:1      | Found a faded altar of an unknown god.
   957 | D:1      | 957 ||| UPGRADING to +0 cloak.
   962 | D:1      | 962 ||| READING scroll labelled NESUL NES ZOFO.
   963 | D:1      | 963 ||| READING scroll labelled UXZULA AQOIV.
   964 | D:1      | 964 ||| READING scroll labelled ADE WERUAROTO.
   968 | D:1      | 968 ||| READING scroll labelled FIPLEJ RAEN.
   969 | D:1      | 969 ||| READING scroll labelled WOHOL NIYDIU.
   970 | D:1      | 970 ||| READING scroll labelled TEIJ UMOTOASY.
   971 | D:1      | 971 ||| DROPPING scroll of butterflies.
  1042 | D:2      | Noticed Robin
  1043 | D:2      | 1043 ||| Stepping ~*~*~tactically~*~*~ (outnumbered).
  1045 | D:2      | 1045 ||| Stepping ~*~*~tactically~*~*~ (outnumbered).
  1072 | D:2      | HP: 5/31 [something (4)]
  1073 | D:2      | HP: 2/31 [something (4)]
  1077 | D:2      | Slain by Robin

Levels and vault maps discovered:
D:1:      nicolae_arrival_memento_mori, layout_basic,
          shapermc_ecumenical_altar_hornbeckon, minmay_quantized
D:2:      layout_rooms, uniq_robin

Skill      XL: |  1  2 |
---------------+-------+-----
Ranged Weapons | 5 |  5.6
Fighting       | 3 |  3.0
Dodging        | |  2.1
Stealth        | |  0.7

Action                     || total
---------------------------++-------
   Fire: Shortbow          ||   104
    Use: Scroll            ||     6
 Armour: Leather armour    ||    23
  Dodge: Dodged            ||    48

Table legend:
 A = Non-vault XP
 B = Vault XP
 C = Vault XP percentage of total XP
 D = Non-vault monster count
 E = Vault monster count
 F = Vault count percentage of total count
                 A         B        C        D         E       F
            +---------+---------+-------+---------+---------+-------
      Total |      47 |      22 |  31.9 |      28 |      12 |  30.0
            +---------+---------+-------+---------+---------+-------
        D:1 |      45 |       4 |   8.2 |      26 |       2 |   7.1
        D:2 |       2 |      18 |  90.0 |       2 |      10 |  83.3
            +---------+---------+-------+---------+---------+-------
